 Dungeon Crawl Stone Soup version 0.28.0-53-g5a82cb258f (webtiles) character file.

Game seed: 13117584089092746268

7538 safid the Severer (level 11, -15/84 HPs)
             Began as a Hill Orc Fighter on July 9, 2022.
             Was a Believer of Beogh.
             Killed from afar by Erica (25 damage)
             ... with a bolt of acid
             ... on level 10 of the Dungeon.
             The game lasted 00:15:42 (12818 turns).

safid the Severer (Hill Orc Fighter)               Turns: 12818, Time: 00:15:43

Health: -15/84     AC:  9    Str: 24    XL:     11   Next: 16%
Magic:  11/11      EV:  5    Int:  8    God:    Beogh [**....]
Gold:   121        SH: 12    Dex: 14    Spells: 10/10 levels left

rFire   . . .      SeeInvis .   z - +10 whip "Killer Klown's Foe" {freeze, *Slow rPois Dex+4}
rCold   . . .      Faith    .   n - +0 kite shield
rNeg    . . .      Spirit   .   l - +0 plate armour
rPois   +          Reflect  .   c - +0 helmet
rElec   .          Harm     .   (no cloak)
rCorr   .          Rampage  .   (no gloves)
Will    .....                   (no boots)
Stlth   ..........              (no amulet)
HPRegen 0.24/turn               (no ring)
MPRegen 0.12/turn               (no ring)

@: corroded, slowed, very slow
A: no striking features
a: Renounce Religion, Smiting


You were on level 10 of the Dungeon.
You worshipped Beogh.
Beogh was pleased with you.
You visited 1 branch of the dungeon, and saw 10 of its levels.

You collected 303 gold pieces.
You spent 182 gold pieces at shops.

Inventory:

Hand Weapons
 z - the +10 whip "Killer Klown's Foe" (weapon) {freeze, *Slow rPois Dex+4}
   (You found it on level 6 of the Dungeon)

   It freezes those it strikes, dealing additional cold damage.
   It can also slow down cold-blooded creatures.
   Dex:       It affects your dexterity (+4).
   rPois:     It protects you from poison.
   *Slow:     It may slow you when you take damage.
 H - a +0 broad axe
Missiles
 a - a throwing net
 q - 2 javelins
 y - 3 boomerangs
 F - 3 poisoned darts (quivered)
Armour
 c - a +0 helmet (worn)
 l - a +0 plate armour (worn)
 n - a +0 kite shield (worn)
Jewellery
 u - a ring of protection from cold
 v - an amulet of faith
 E - a ring of protection from cold
 I - a ring of protection from fire
Wands
 p - a wand of flame (8)
 t - a wand of paralysis (2)
 A - a wand of iceblast (7)
 B - a wand of polymorph (23)
Scrolls
 b - 2 scrolls of immolation
 g - a scroll of brand weapon
 i - a scroll of enchant armour
 j - 2 scrolls of fear
 o - 4 scrolls of magic mapping
 s - 6 scrolls of teleportation
 w - 2 scrolls of fog
 C - a scroll of amnesia
 G - a scroll of vulnerability
Potions
 d - 3 potions of might
 e - a potion of cancellation
 f - 10 potions of curing
 h - a potion of degeneration {unknown}
 k - 2 potions of brilliance
 m - 2 potions of flight
 r - a potion of invisibility
 x - a potion of lignification {unknown}
 D - 2 potions of attraction {unknown}
 J - a potion of heal wounds {unknown}


   Skills:
 - Level 4.0 Fighting
 * Level 17.2 Axes
 + Level 5.1 Armour
 + Level 10.9 Shields


You had 10 spell levels left.
You didn't know any spells.
Your spell library contained the following spells:

 Spells                   Type           Power      Damage    Failure   Level
 Magic Dart               Conj           0%         1d3       100%        1
 Call Imp                 Summ           0%         N/A       100%        2
 Scorch                   Fire           0%         2d5       100%        2
 Sublimation of Blood     Necr           0%         N/A       100%        2
 Wereblood                Tmut           0%         N/A       100%        2
 Confusing Touch          Hex            0%         N/A       100%        3
 Conjure Flame            Conj/Fire      0%         6-21      100%        3
 Ignite Poison            Fire/Tmut/Pois 0%         N/A       100%        3
 Mephitic Cloud           Conj/Pois/Air  0%         N/A       100%        3
 Tukima's Dance           Hex            0%         N/A       100%        3
 Flame Wave               Conj/Fire      0%         2d4       100%        4
 Passage of Golubria      Tloc           0%         N/A       100%        4
 Sticky Flame             Conj/Fire      0%         2d3       100%        4
 Silence                  Hex/Air        0%         N/A       100%        5
 Yara's Violent Unravell  Hex/Tmut       0%         3d3       100%        5
 Summon Cactus Giant      Summ           0%         N/A       100%        6
 Enfeeble                 Hex            0%         N/A       100%        7
 Summon Hydra             Summ           0%         N/A       100%        7
 Lehudib's Crystal Spear  Conj/Erth      0%         10d2      100%        8


Dungeon Overview and Level Annotations

Branches:
Dungeon (10/15)            Temple (0/1) D:7             Orc (0/2) D:9
   Lair: D:8-11

Altars:
Sif Muna
Beogh

Shops:
D:1 [   D:4 ?

Annotations:
D:5 3 runed translucent doors, RedNights's ghost, weakling SpDe
D:8 3 runed translucent doors, safid's ghost, novice HOFi
D:10 Erica


Message History

You closely miss the hornet.
The hornet is almost dead.
The hornet stings you.
You barely miss the hornet.
The hornet is almost dead.
You feel sick. The hornet stings you.
You whack the hornet! You freeze the hornet.
You kill the hornet!
Beogh accepts your kill.
You feel sick.
You hear some strange, mumbled words.
A lance of force appears from out of thin air!
The lance of force hits you!!
You are knocked back by the lance of force.
You feel better.
Something tries to affect you, but you resist.
Things that are here:
a +0 dagger; a +0 robe
Things that are here:
a +0 club; a +0 flail; an orc corpse Throw: 4 darts (poison)
Press: ? - help, Q - select action, (/) - cycle Shift-Dir - straight line, f - Erica
Aim: Erica, wielding a +1 scimitar of flaming, wearing a +0 robe and carrying a wand of acid (7) (57% to hit)
You throw a poisoned dart. The poisoned dart hits Erica.
Erica is poisoned.
Erica casts a spell.
Erica flickers and vanishes!
You feel yourself slow down.
You hear a zap.
A bolt of acid appears from out of thin air!
The bolt of acid hits you!!
* * * LOW HITPOINT WARNING * * *
The acid corrodes you!
You hear a zap.
A bolt of acid appears from out of thin air!
The bolt of acid hits you!
* * * LOW HITPOINT WARNING * * *
You hear a zap.
A bolt of acid appears from out of thin air!
The bolt of acid hits you!!
You die...

#####
...###########
######.##........#
##.........######.#
........#### #.#
##.####.# #.#
#......####### #.#
###.....@..{..# #.#
.........#####.#
#.# .####.##..# #.#
#.# .. #.
#..#####.# #.#
.##.##.......{# #.#
### ....#.#####..#
#.# ##.## #..#.#
#..# #.###.#.#
#..#.#####..#
#...<###.
#...{.......#
#####.#.#


There were no monsters in sight!

Vanquished Creatures
  A two-headed ogre (D:9)
  Pikel (D:4)
  Maggie (D:6)
  A troll (D:9)
  2 hornets
  Grinder (D:4)
  Prince Ribbit (D:6)
  A shadow (D:8)
  Sigmund (D:3)
  2 steam dragons (D:8)
  A water moccasin (D:6)
  An acid dragon (D:8)
  8 orc warriors
  A hornet zombie (D:7)
  5 black bears
  A sky beast (D:5)
  2 ogres
  3 centaurs
  Blork the orc (D:6)
  A kobold brigand (D:7)
  3 scorpions
  6 bullfrogs
  7 killer bees
  7 wights (D:8)
  A howler monkey (D:8)
  2 bullfrog zombies
  A bullfrog skeleton (D:6)
  A jelly (D:6)
  3 centaur zombies
  5 orc priests
  Ijyb (D:2)
  2 hounds (D:6)
  A centaur skeleton (D:7)
  Terence (D:3)
  An iguana (D:6)
  11 orc wizards
  2 killer bee zombies (D:6)
  2 howler monkey zombies
  Robin (D:3)
  5 adders
  A shadow imp (D:7)
  A white imp (D:6)
  An ufetubus (D:5)
  5 dart slugs
  21 orcs
  5 ball pythons
  9 bats
  6 endoplasms
  3 giant cockroaches
  12 goblins
  12 hobgoblins
  6 jackals
  6 quokkas
  3 frilled lizards
  15 kobolds
  9 rats
214 creatures vanquished.

Vanquished Creatures (others)
  A necrophage (D:5)
  A howler monkey (D:8)
2 creatures vanquished.

Grand Total: 216 creatures vanquished

Notes
Turn   | Place    | Note
-------+----------+-------------------------------------------
     0 | D:1      | safid the Hill Orc Fighter began the quest for the Orb.
     0 | D:1      | Reached XP level 1. HP: 19/19 MP: 1/1
    74 | D:1      | Reached skill level 3 in Axes
    74 | D:1      | Reached XP level 2. HP: 17/27 MP: 2/2
   311 | D:1      | Found a faded altar of an unknown god.
   395 | D:1      | Found Huosch's Armour Shoppe.
   493 | D:1      | Reached XP level 3. HP: 27/33 MP: 3/3
  1335 | D:2      | Reached XP level 4. HP: 35/40 MP: 4/4
  1428 | D:2      | Reached skill level 4 in Axes
  1949 | D:3      | Noticed Terence
  1964 | D:3      | Killed Terence
  2192 | D:3      | Reached skill level 5 in Axes
  2268 | D:3      | Noticed Ijyb
  2268 | D:3      | Noticed Robin
  2279 | D:3      | Reached XP level 5. HP: 41/46 MP: 5/5
  2743 | D:2      | Killed Ijyb
  2990 | D:3      | Killed Robin
  3101 | D:3      | Noticed Sigmund
  3321 | D:3      | Killed Sigmund
  3322 | D:3      | Reached skill level 6 in Axes
  3322 | D:3      | Reached XP level 6. HP: 24/52 MP: 6/6
  3717 | D:4      | Reached skill level 7 in Axes
  3772 | D:4      | Noticed Pikel
  3780 | D:4      | Paralysed by Pikel for 7 turns
  3792 | D:4      | Killed Pikel
  3793 | D:4      | Reached skill level 9 in Axes
  3793 | D:4      | Reached XP level 7. HP: 50/59 MP: 7/7
  3947 | D:4      | Noticed Grinder
  3956 | D:4      | Killed Grinder
  3957 | D:4      | Reached XP level 8. HP: 54/66 MP: 8/8
  4076 | D:4      | Found a shimmering blue altar of Sif Muna.
  4276 | D:4      | Reached skill level 10 in Axes
  4857 | D:4      | Found Hytaesong's Magic Scroll Boutique.
  4862 | D:4      | Bought a scroll of fog for 28 gold pieces
  4862 | D:4      | Bought a scroll of identify for 28 gold pieces
  5032 | D:5      | Entered Level 5 of the Dungeon
  5137 | D:5      | Became a worshipper of Beogh the Brigand
  5200 | D:5      | Found a runed translucent gate.
  5200 | D:5      | Noticed RedNights's ghost (weakling SpDe)
  5201 | D:5      | Found a runed translucent gate.
  5202 | D:5      | Found a runed translucent gate.
  5203 | D:5      | Identified the +5 dagger of Conservatism {venom, Str+2}
  5272 | D:5      | Reached skill level 11 in Axes
  5968 | D:5      | Found a roughly hewn altar of Beogh.
  5996 | D:6      | Identified the +10 whip "Killer Klown's Foe" {freeze, *Slow
                  | rPois Dex+4}
  6042 | D:6      | Noticed Prince Ribbit
  6049 | D:6      | Killed Prince Ribbit
  6050 | D:6      | Reached XP level 9. HP: 56/71 MP: 9/9
  6140 | D:6      | Noticed Maggie
  6150 | D:6      | Killed Maggie
  6151 | D:6      | Reached skill level 12 in Axes
  6670 | D:6      | Noticed Blork the orc
  6683 | D:6      | Killed Blork the orc
  6684 | D:6      | Reached skill level 13 in Axes
  7537 | D:7      | Reached skill level 14 in Axes
  7629 | D:7      | Found a staircase to the Ecumenical Temple.
  7643 | D:7      | Reached * piety under Beogh
  7880 | D:7      | Reached XP level 10. HP: 64/78 MP: 10/10
  8696 | D:8      | Reached skill level 15 in Axes
  9086 | D:4      | Bought a scroll of fog for 28 gold pieces
  9086 | D:4      | Bought a scroll of identify for 28 gold pieces
  9086 | D:4      | Bought a scroll of identify for 28 gold pieces
  9086 | D:4      | Bought a scroll of teleportation for 42 gold pieces
  9621 | D:8      | Reached ** piety under Beogh
  9622 | D:8      | Reached skill level 10 in Shields
  9684 | D:8      | Found a runed translucent gate.
  9686 | D:8      | Found a runed translucent gate.
  9686 | D:8      | Found a runed translucent gate.
  9687 | D:8      | Noticed safid's ghost (novice HOFi)
  9952 | D:8      | Reached skill level 16 in Axes
 10182 | D:9      | Found a staircase to the Orcish Mines.
 11572 | D:9      | Noticed a two-headed ogre
 11581 | D:9      | Killed a two-headed ogre
 11582 | D:9      | Reached XP level 11. HP: 64/84 MP: 11/11
 12240 | D:9      | Reached skill level 17 in Axes
 12519 | D:10     | Entered Level 10 of the Dungeon
 12559 | D:10     | Reached skill level 5 in Armour
 12748 | D:10     | Noticed Erica
 12818 | D:10     | Killed from afar by Erica

Illustrated notes

Levels and vault maps discovered:
D:1:      mrwooster_arrival_arrow, layout_rooms,
          shapermc_ecumenical_altar_ellora, serial_shops, shop,
          minmay_misc_feat_alley, minmay_door_square, kennysheep_minor_cross
D:2:      layout_basic, nicolae_elevator_lobby_asterisk
D:3:      layout_basic, st_stairs_2, chequers_jeans, uniq_robin, uniq_terence,
          uniq_ijyb, uniq_sigmund
D:4:      layout_loops_corners, kennysheep_orc_sif_temple, serial_shops, shop,
          uniq_grinder, uniq_pikel
D:5:      layout_loops_ring, biasface_ghost_orc_armoury
D:6:      minmay_recursive_quarters, layout_cave_pods, serial_column_ruins,
          column_ruins_open_medium_water, column_ruins_open_large,
          column_ruins_columns_corner, column_ruins_grid_3,
          column_ruins_corridor_straight, column_ruins_open_small,
          column_ruins_open_small, uniq_maggie, uniq_prince_ribbit1,
          uniq_blork_the_orc
D:7:      layout_layer_cave, minmay_temple_entry_waves
D:8:      layout_basic, gammafunk_ghost_spectres, grunt_ministairs_13
D:9:      layout_basic, david_orc_2
D:10:     layout_loops_ring, uniq_erolcha, uniq_erica

Skill      XL: |  1  2  3  4  5  6  7  8  9 10 11 |
---------------+----------------------------------+-----
Axes           | 3 5 6 9 11 14 16 17 | 17.2
Fighting       | 4 |  4.0
Armour         | 4 5 |  5.1
Shields        | 4 6 7 9 10 | 10.9

Action                   |  1- 3 |  4- 6 |  7- 9 | 10-12 || total
-------------------------+-------+-------+-------+-------++-------
Melee: War axe           |   124 |   134 |    99 |       ||   357
       Whip              |       |       |   142 |   287 ||   429
Throw: Dart              |       |       |       |    11 ||    11
Invok: Convert to Beogh  |       |       |     1 |       ||     1
  Use: Potion            |       |     1 |     1 |     2 ||     4
       Scroll            |       |       |     7 |     8 ||    15
Armor: Scale mail        |    61 |       |       |       ||    61
       Plate armour      |    26 |   100 |   138 |   121 ||   385
Dodge: Dodged            |    47 |    29 |    29 |    35 ||   140
Block: Buckler           |    33 |    17 |       |       ||    50
       Kite shield       |       |    37 |   129 |   133 ||   299
